 Dungeon Crawl Stone Soup version 0.16.1-18-g436b03c (webtiles) character file.

410 Gibler the Charmwright (level 7, -2/53 HPs)
             Began as a Formicid Skald on May 6, 2015.
             Slain by a gnoll
             ... wielding a +1 halberd of venom
              (11 damage)
             ... on level 5 of the Dungeon.
             The game lasted 00:19:13 (3678 turns).

Gibler the Charmwright (Formicid Skald)             Turns: 3678, Time: 00:19:13

Health: -2/53      AC:  4    Str: 24    XL:     7   Next: 13%
Magic:  2/16       EV: 16    Int: 11    God:
Gold:   77         SH:  0    Dex: 15    Spells: 4 memorised, 4 levels left

rFire  . . .     SeeInvis +     k - +1 short sword (venom)
rCold  . . .     Clarity  .     b - +0 leather armour
rNeg   . . .     SustAb   .     (no shield)
rPois  .         Gourm    .     (helmet unavailable)
rElec  .         Spirit   .     (no cloak)
rCorr  .         Warding  .     (no gloves)
rMut   .         Stasis   +     q - +0 pair of boots
MR     .....                    (no amulet)
Stlth  ++........               (no ring)
                                (no ring)

@: mighty, agile, lethally poisoned (-2 -> -5), flying, very slightly
contaminated, not resistant to hostile enchantments, unstealthy
A: permanent stasis, dig shafts and tunnels, four strong arms, antennae 3
a: Dig, Shaft Self


You were on level 5 of the Dungeon.
You were not hungry.

You visited 1 branch of the dungeon, and saw 5 of its levels.

You collected 77 gold pieces.

Inventory:

Hand weapons
 a - a +0 falchion
 k - a +1 short sword of venom (weapon)
Missiles
 n - a throwing net (quivered)
Armour
 b - a +0 leather armour (worn)
 p - a +0 buckler
 q - a +0 pair of boots (worn)
Jewellery
 e - an uncursed ring of ice {unknown}
Scrolls
 h - 2 scrolls of remove curse {unknown}
 j - a scroll of enchant weapon {unknown}
 m - a scroll of enchant armour {unknown}
 t - a scroll of recharging {unknown}
 u - a scroll of amnesia {unknown}
Books
 c - a book of Battle

   Spells                             Type                      Level
   a - Infusion                       Charms                       1
   b - Shroud of Golubria             Charms/Translocation         2
   c - Song of Slaying                Charms                       2
   d - Spectral Weapon                Hexes/Charms                 3
   e - Regeneration                   Charms/Necromancy            3
Miscellaneous
 g - a plain deck of summoning
Comestibles
 d - 2 bread rations
 l - a royal jelly
 o - 3 fruits


   Skills:
 + Level 3.8 Fighting
 + Level 3.8 Long Blades
 - Level 1.1 Armour
 - Level 0.8 Dodging
 - Level 3.0 Spellcasting
 * Level 5.5 Charms


You had 4 spell levels left.
You knew the following spells:

 Your Spells              Type           Power        Failure   Level  Hunger
a - Infusion              Chrm           ##....       3%          1    #......
b - Shroud of Golubria    Chrm/Tloc      #.........   14%         2    ###....
c - Song of Slaying       Chrm           ##......     6%          2    ###....
d - Regeneration          Chrm/Necr      #.........   30%         3    ###....


Dungeon Overview and Level Annotations

Branches:
Dungeon (6/15)
 Temple: D:4-7

Altars:
Nemelex Xobeh

Annotations:
D:3 Grinder


Innate Abilities, Weirdness & Mutations

You are under a permanent stasis effect.
You can dig through walls and to a lower floor.
Your four strong arms can wield two-handed weapons with a shield.
You have a pair of large antennae on your head (SInv).


Message History

Drink which item? (? for menu, Esc to quit)
It was a potion of restore abilities.
You feel refreshed.
You feel sick. The gnoll barely misses you. The gnoll hits you.
* * * LOW HITPOINT WARNING * * *
Drink which item? (? for menu, Esc to quit)
It was a potion of agility.
You feel agile all of a sudden.
You feel sick.
You kill the gnoll!
The gnoll misses you.
Drink which item? (? for menu, Esc to quit)
It was a potion of flight.
You feel very buoyant.
You fly up into the air.
Drink which item? (? for menu, Esc to quit)
You feel very mighty all of a sudden.
You feel sick. The gnoll misses you.
You feel sick.
The gnoll hits you with a halberd of venom!
You die...

#.(.########........#.'...'......
..##########.######...#...###....
##................#.#.#...# #.#.#
##.............##.#.#.#....##.#.#
...............# .#.#.#....##.#.#
#..............# .#...#....##.#.#
#..............# .#####....##.#.#
##.............##..........##.#.#
############...@g..# #.... #.#.#
#.......# #.#.# #...)...# ..#..
#.......# #.......# #.......#
#......?# ##.###### #..


You could see a gnoll.

Vanquished Creatures
  An ogre (D:5)
  A gnoll sergeant (D:5)
  2 orc priests
  A hound zombie (D:5)
  Terence (D:2)
  3 gnolls (D:5)
  5 adders
  4 worms (D:2)
  4 giant geckos (D:1)
  10 orcs
  6 bats
  3 goblins
  11 hobgoblins
  3 jackals (D:2)
  A kobold (D:2)
  2 quokkas
  3 giant cockroaches
  A giant gecko skeleton (D:5)
  5 giant newts
  8 rats
75 creatures vanquished.

Notes
Turn   | Place    | Note
--------------------------------------------------------------
     0 | D:1      | Gibler, the Formicid Skald, began the quest for the Orb.
     0 | D:1      | Reached XP level 1. HP: 16/16 MP: 3/3
    66 | D:1      | Found a sparkling altar of Nemelex Xobeh.
   180 | D:1      | Reached XP level 2. HP: 2/23 MP: 5/5
   995 | D:1      | Reached XP level 3. HP: 23/28 MP: 7/7
  1678 | D:2      | Learned a level 2 spell: Shroud of Golubria
  1722 | D:2      | Reached XP level 4. HP: 34/34 MP: 5/9
  1814 | D:2      | Reached skill level 4 in Charms
  1989 | D:2      | Noticed Terence
  2013 | D:2      | Killed Terence
  2013 | D:2      | Reached XP level 5. HP: 18/40 MP: 0/12
  2098 | D:2      | Learned a level 2 spell: Song of Slaying
  2640 | D:2      | HP: 2/41 [poisoned by an adder]
  2661 | D:2      | Learned a level 3 spell: Regeneration
  2665 | D:2      | HP: 2/41 [hobgoblin/club (3)]
  3045 | D:3      | Noticed Grinder
  3061 | D:3      | You fall through a shaft for 3 floors!
  3077 | D:5      | Entered Level 5 of the Dungeon
  3166 | D:5      | Reached XP level 6. HP: 47/47 MP: 7/14
  3623 | D:5      | Noticed an ogre
  3635 | D:5      | Killed an ogre
  3635 | D:5      | Reached skill level 5 in Charms
  3667 | D:5      | Reached XP level 7. HP: 29/53 MP: 1/16
  3678 | D:5      | Slain by a gnoll

Action                   |  1- 3 |  4- 6 |  7- 9 || total
-------------------------+-------+-------+-------++-------
Melee: Falchion          |    93 |       |       ||    93
       Short sword       |    20 |   171 |     5 ||   196
 Cast: Infusion          |    10 |    17 |       ||    27
       Shroud of Golubri |       |    24 |       ||    24
       Regeneration      |       |     2 |       ||     2
 Abil: Shaft Self        |       |     1 |       ||     1
  Use: Potion            |       |     3 |     4 ||     7
  Eat: Chunk             |     3 |     8 |       ||    11
       Bread ration      |       |     1 |       ||     1
